 Seeded DCSS version 0.30.1-4-g462c640d31 (webtiles) character file.

Game seed: 920673320228942481 (custom seed)

109 CarvArkoylaein the Covered (level 4, -3/41 HPs)
             Began as a Minotaur Fighter on Sept 14, 2023.
             Slain by Sigmund
             ... wielding a +4 scythe of venom
              (5 damage)
             ... on level 4 of the Dungeon.
             The game lasted 00:06:15 (2941 turns).

CarvArkoylaein the Covered (Minotaur Fighter)       Turns: 2941, Time: 00:06:16

Health: -3/41      AC:  5    Str: 17    XL:     4   Next: 60%
Magic:  3/3        EV:  9    Int:  4    God:
Gold:   150        SH:  4    Dex:  7    Spells: 3/3 levels left

rFire   + + +        f - +4 broad axe (distort)
rCold   . . .        c - +0 buckler
rNeg    + + +        b - +0 scale mail
rPois   .            g - -2 hat of Conscience {rF+++ rN+++ Str-4 Int-3}
rElec   .            (no cloak)
rCorr   .            (no gloves)
SInv    .            (no boots)
Will    .....        (no amulet) Stlth
                     j - ring of wizardry
HPRegen 0.26/turn    (no ring)
MPRegen 0.08/turn

%: wizardry (x1)
@: mighty, lethally poisoned (-3 -> -5), studying Fighting
A: horns 2, retaliatory headbutt, clumsy 1, fire resistance 1, screaming 1
a: no special abilities


You were on level 4 of the Dungeon.
You visited 1 branch of the dungeon, and saw 4 of its levels.

You collected 150 gold pieces.

Inventory:

Hand Weapons
 a - a +0 war axe
 f - a +4 broad axe of distortion (weapon)
Armour
 b - a +0 scale mail (worn)
 c - a +0 buckler (worn)
 g - the -2 hat of Conscience (worn) {rF+++ rN+++ Str-4 Int-3}
   (You acquired it on level 1 of the Dungeon)

   Str:       It affects your strength (-4).
   Int:       It affects your intelligence (-3).
   rF:        It renders you almost immune to fire.
   rN:        It renders you almost immune to negative energy.
Jewellery
 j - a ring of wizardry (left hand)
 o - a ring of resist corrosion
Wands
 s - a wand of paralysis (3)
Scrolls
 i - a scroll of identify {unknown}
 k - a scroll of teleportation
 p - a scroll of poison {unknown}
 r - a scroll of amnesia
 t - a scroll of fear {unknown}
Potions
 e - a potion of resistance {unknown}
 l - a potion of invisibility {unknown}
 m - a potion of lignification {unknown}
 n - 2 potions of heal wounds {unknown}
 q - a potion of degeneration {unknown}


   Skills:
 + Level 4.5 Fighting
 + Level 3.9 Axes
 + Level 5.0 Armour
 + Level 0.1 Dodging
 + Level 4.1 Shields


You had 3 spell levels left.
You didn't know any spells.
Your spell library contained the following spells:

 Spells                   Type           Power      Damage    Failure   Level
 Foxfire                  Conj/Fire      0%         2x1d4     63%         1
 Kiss of Death            Conj/Necr      0%         2d5       63%         1
 Confusing Touch          Hex            0%         N/A       92%         3
 Dispel Undead            Necr           0%         3d6       100%        4
 Fireball                 Conj/Fire      0%         3d3       100%        5
 Plasma Beam              Fire/Air       0%         2x1d11    100%        6
 Starburst                Conj/Fire      0%         6d3       100%        6


Dungeon Overview and Level Annotations

Branches:
Dungeon (4/15)
 Temple: D:4-7

Altars:

Shops:
D:3 *:

Annotations:
D:4 Sigmund


Innate Abilities, Weirdness & Mutations

You have a pair of horns on your head.
You reflexively headbutt those who attack you in melee.
You are clumsy. (Dex -2)
Your flesh is heat resistant. (rF+)
You occasionally shout uncontrollably at your foes.


Message History

Sigmund closely misses you.
You see here a hobgoblin corpse.
You closely miss Sigmund.
You feel very sick.
Sigmund points at you and mumbles some strange words.
You are confused.
You are too confused!
You are too confused!
You are too confused!
You are too confused!
You bump into the rock wall.
You feel sick.
Sigmund hits you with a +4 scythe of venom.
You bump into the rock wall.
You feel sick. Sigmund misses you.
You closely miss Sigmund.
You feel sick.
You feel sick. Sigmund barely misses you.
You bump into the rock wall.
You feel sick.
Sigmund hits you from afar with a +4 scythe of venom!
* * * LOW HITPOINT WARNING * * *
You are lethally poisoned!
* * * LOW HITPOINT WARNING * * *
You feel sick.
Your magical effects are unravelling.
You feel magically purged.
You feel less confused.
* * * LOW HITPOINT WARNING * * *
You feel sick.
Sigmund mumbles some strange words.
Sigmund flickers and vanishes!
Deactivating autopickup; reactivate with Ctrl-A.
You feel very mighty all of a sudden.
* * * LOW HITPOINT WARNING * * *
You feel sick.
* * * LOW HITPOINT WARNING * * *
You feel sick.
You hear some strange, mumbled words.
A puff of flame appears from out of thin air!
The puff of flame hits you but does no damage.
* * * LOW HITPOINT WARNING * * *
You feel sick. Something hits you.
You die...

....#.# ###.#.# ..#
###.#.# ...
....#.##### #.####
#####.....# #.##.. #
#####.# #.##.# #.#
#.##.# #.# #.##{#
#.###.##@#####..#
#.###.....##........#
#...................#
#####################


There were no monsters in sight!

Vanquished Creatures
  Crazy Yiuf (D:2)
  Natasha (D:2)
  An adder (D:2)
  A worm (D:3)
  2 dart slugs
  3 endoplasms
  A giant cockroach (D:2)
  4 goblins
  5 hobgoblins
  A quokka (D:2)
  7 ball pythons
  4 bats
  5 kobolds
  4 rats
40 creatures vanquished.

Notes
Turn   | Place    | Note
-------+----------+-------------------------------------------
     0 | D:1      | CarvArkoylaein the Minotaur Fighter began the quest for the
                  | Orb.
     0 | D:1      | Reached XP level 1. HP: 19/19 MP: 0/0
    85 | D:1      | Identified 3 scrolls of acquirement
    85 | D:1      | Acquired a +4 broad axe of distortion
    86 | D:1      | Acquired a manual of Fighting
    87 | D:1      | Acquired the -2 hat of Conscience {rF+++ rN+++ Str-4 Int-3}
   493 | D:1      | Gained mutation: You occasionally shout uncontrollably at
                  | your foes. [potion of mutation]
   493 | D:1      | Gained mutation: You are clumsy. (Dex -2) [potion of
                  | mutation]
   493 | D:1      | Gained mutation: Your flesh is heat resistant. (rF+)
                  | [potion of mutation]
   946 | D:1      | Reached XP level 2. HP: 27/27 MP: 1/1
  1212 | D:2      | Noticed Natasha
  1214 | D:2      | Killed Natasha
  1215 | D:2      | Reached skill level 4 in Armour
  1215 | D:2      | Reached XP level 3. HP: 33/34 MP: 2/2
  1622 | D:2      | Found a runed translucent door.
  1623 | D:2      | Noticed Crazy Yiuf
  1743 | D:2      | Killed Crazy Yiuf
  1744 | D:2      | Reached XP level 4. HP: 35/41 MP: 1/3
  2161 | D:3      | Found Xyxiz's Assorted Antiques.
  2240 | D:3      | Reached skill level 5 in Armour
  2260 | D:3      | Found Rylak's Book Boutique.
  2925 | D:4      | Noticed Sigmund
  2941 | D:4      | HP: 2/41 [poisoned by Sigmund]
  2941 | D:4      | Slain by Sigmund

Illustrated notes

Levels and vault maps discovered:
D:1:      dpeg_arrival_orchard, layout_basic
D:2:      layout_loops_corners, uniq_natasha, uniq_crazy_yiuf_cottage
D:3:      layout_basic, serial_shops, nicolae_shop_stone, shop
D:4:      layout_basic, nicolae_figureground_sparkle, uniq_sigmund, uniq_robin,
          uniq_blork_the_orc

Skill      XL: |  1  2  3  4 |
---------------+-------------+-----
Fighting       | 4 |  4.5
Armour         | 4 5 |  5.0
Shields        | 4 |  4.1
Axes           | 3 |  3.9
Dodging        | |  0.1

Action                     |  1- 3 |  4- 6 || total
---------------------------+-------+-------++-------
  Melee: Broad axe         |    29 |    37 ||    66
         Headbutt          |     7 |     1 ||     8
         War axe           |     2 |       ||     2
    Use: Scroll            |     3 |     3 ||     6
         Potion            |     1 |     4 ||     5
 Armour: Scale mail        |    15 |    13 ||    28
  Dodge: Dodged            |    19 |    13 ||    32
  Block: Buckler           |     6 |     3 ||     9
